Construct Section Command Post
Construct Field Infirmary
Construct Platoon Command Post
Selects Heavy Armor Battlegroup
Selects Rigorous Vehicle Training
6-pounder Anti-tank Gun Team
Construct Company Command Post
Selects Light Vehicle Withdraw and Refit
Selects Forward Repair Assembly
6-pounder Anti-tank Gun Team
Selects Churchill Black Prince Heavy Tank
Churchill Black Prince Heavy Tank
Unlock M3 Grant Medium Tanks
Churchill Black Prince Heavy Tank